 Dungeon Crawl Stone Soup version 0.32-a0-995-gb4a59205af (webtiles) character file.

Game seed: 11910655572079096809

3157 bigduke15 the Fighter (level 10, 0/83 HPs)
             Began as a Formicid Fighter on Apr 23, 2024.
             Was an Initiate of Gozag.
             Slain by a swamp worm (4 damage)
             ... on level 8 of the Dungeon.
             The game lasted 00:16:09 (9098 turns).

bigduke15 the Fighter (Formicid Fighter)            Turns: 9098, Time: 00:16:09

Health: 0/83       AC: 14    Str: 24    XL:     10   Next: 15%
Magic:  10/10      EV: 12    Int:  9    God:    Gozag
Gold:   758        SH:  5    Dex: 13    Spells: 9/9 levels left

rFire   . . .        a - +0 war axe
rCold   . . .        c - +1 buckler
rNeg    . . .        f - +0 chain mail
rPois   .            (helmet unavailable)
rElec   +            (no cloak)
rCorr   .            j - +0 pair of gloves
SInv    +            (no boots)
Will    +....        (no amulet) Stlth
                     m - +5 ring of evasion
HPRegen 0.33/turn    (no ring)
MPRegen 0.12/turn

%: no passive effects
@: mighty, invisible, very slow
A: permanent stasis, dig shafts and tunnels, antennae 3, four strong arms,
iridescent scales 1, sense surroundings 1, electricity resistance
a: Dig, Shaft Self, Renounce Religion, Potion Petition, Call Merchant, Bribe
Branch


You were on level 8 of the Dungeon.
You worshipped Gozag.
Gozag was pleased with you.
You visited 2 branches of the dungeon, and saw 9 of its levels.
You also visited: Sewer.

You collected 842 gold pieces.
You paid 84 gold pieces to Gozag.

Inventory:

Hand Weapons
 a - a +0 war axe (weapon)
 B - a +0 flail
Armour
 c - a +1 buckler (worn)
 f - a +0 chain mail (worn)
 j - a +0 pair of gloves (worn)
Jewellery
 m - a +5 ring of evasion (left hand)
Wands
 k - a wand of light (14) (quivered)
 y - a wand of digging (2)
 z - a wand of mindburst (21)
 A - a wand of warping (18)
Scrolls
 d - 2 scrolls of fog
 i - 4 scrolls of amnesia
 l - a scroll of identify
 n - 7 scrolls of teleportation
 p - a scroll of immolation
 q - 2 scrolls of fear
 s - 2 scrolls of enchant armour
 C - a scroll of noise {unknown}
Potions
 b - 3 potions of enlightenment
 g - 3 potions of curing
 h - a potion of invisibility
 o - 3 potions of cancellation
 r - a potion of haste
 t - a potion of magic
 u - a potion of mutation
 v - a potion of brilliance
 w - a potion of degeneration
 x - a potion of might


   Skills:
 + Level 9.3 Fighting
 + Level 8.1 Axes
 + Level 9.2 Armour
 - Level 4.0 Shields


You had 9 spell levels left.
You didn't know any spells.
Your spell library contained the following spells:

 Spells                   Type           Power      Damage    Failure   Level
 Lesser Beckoning         Tloc           0%         N/A       97%         2
 Summon Ice Beast         Ice/Summ       0%         N/A       100%        3
 Teleport Other           Tloc           0%         N/A       100%        3
 Summon Mana Viper        Hex/Summ       0%         N/A       100%        5
 Monstrous Menagerie      Summ           0%         N/A       100%        7
 Maxwell's Portable Pile  Tloc           Unusable   2d(5-13)  N/A         3

Dungeon Overview and Level Annotations

Branches:
Dungeon (8/15)             Temple (1/1) D:5           Sewer (visited)
   Lair: D:8-11

Altars:
Ashenzari
Cheibriados
Dithmenos
Elyvilon
Fedhas
Gozag
Hepliaklqana
Kikubaaqudgha
Makhleb
Nemelex Xobeh
Okawaru
Qazlal
Ru
Sif Muna
Trog
Uskayaw
Vehumet
Wu Jian
Xom
Zin
The Shining One

Shops:
D:6 !   D:8 :

Annotations:
D:6 Blork the orc
D:7 1 runed translucent door, Crazy Yiuf


Innate Abilities, Weirdness & Mutations

You cannot be hasted, slowed, berserked, paralysed or teleported.
You can dig through walls and to a lower floor.
You have a pair of large antennae on your head. (SInv)
Your four strong arms can wield two-handed weapons with a shield.
You are partially covered in iridescent scales. (AC +2)
You passively map a small area around you.
You are resistant to electric shocks. (rElec)


Message History

The swamp worm bites you but does no damage. x3
You completely miss the swamp worm. You miss the swamp worm.
You hit the swamp worm. You block the swamp worm's attack.
The swamp worm bites you!
The swamp worm bites you but does no damage.
Your unstable footing causes you to fumble your attack.
The swamp worm bites you!
* * * LOW HITPOINT WARNING * * *
You block the swamp worm's attack. The swamp worm closely misses you.
The swamp worm bites you but does no damage.
Unknown command.
As you read the scroll of fear, it crumbles to dust.
You assume a fearsome visage.
The swamp worm looks frightened! x3
Unknown command.
Cornered, the swamp worm turns to fight!
You fade into invisibility!
The swamp worm fires a harpoon shot at you.
The harpoon shot misses you.
Okay, then.
You feel better.
The swamp worm fires a harpoon shot at you.
The harpoon shot misses you.
You feel better.
Okay, then.
You slice the swamp worm!!
The swamp worm is heavily wounded.
You block the swamp worm's attack.
You hit the swamp worm.
The swamp worm is heavily wounded.
You block the swamp worm's attack. The swamp worm bites you!
* * * LOW HITPOINT WARNING * * *
You hit the swamp worm.
The swamp worm is severely wounded.
The swamp worm bites you!
* * * LOW HITPOINT WARNING * * *
You barely miss the swamp worm.
The swamp worm is severely wounded.
The swamp worm bites you.
You die...
Your body crumbles into a pile of gold.

#.##* #.......#......###
##...########.......#.##
#......#.......#.......#
#.##.#.#.####..#.##.#..#
#.##.#.#............#..#
#.##.........###..#.#..####
#.####.#.##..# #.......#...
#)####.#~~~~~###....##...{.
#..))..~~w@≈~~..#.####.#.#)
###.###~~###≈~.##.# #.#.#.
#.##~~##~##~~...# #.#)#.
#.#~~~# #~~~### #.#.#.
#..~{## ~ ##≈~# #.#.##
###~~#~~ ~~#~~# ###.#...
#~≈##~~~##≈~# #.......
#~~~# ~~#~~~# #.#.###.
##~~##~##~~## #.#.# #.


You could see a swamp worm.

Vanquished Creatures
  Prince Ribbit (D:5)
  A wyvern (D:7)
  3 steam dragons
  Edmund (D:5)
  A water moccasin (D:6)
  Duvessa (D:4)
  2 ice beasts
  A sky beast (D:8)
  A black bear (D:7)
  An ogre (D:4)
  A centaur (D:6)
  2 phantoms
  2 kobold brigands (Sewer)
  2 bullfrogs (D:8)
  A scorpion (D:4)
  A burial acolyte (D:5)
  Dowan (D:4)
  A howler monkey (D:8)
  2 bombardier beetles
  5 hounds
  3 orc priests (D:8)
  A gnoll bouda (D:8)
  2 iguanas
  3 orc wizards
  3 sleepcaps
  Natasha (thrice) (D:3)
  2 hound zombies (D:5)
  12 gnolls
  6 adders
  5 shadow imps
  A white imp (D:5)
  2 ufetubi (D:6)
  An adder zombie (D:5)
  2 dart slugs
  4 ribbon worms
  20 orcs
  8 endoplasms
  7 giant cockroaches
  3 gnoll zombies (D:5)
  5 goblins
  3 hobgoblins
  8 jackals
  9 ball pythons
  6 bats
  7 frilled lizards
  17 kobolds
  A kobold zombie (D:5)
  4 rats
179 creatures vanquished.

Notes
Turn   | Place    | Note
-------+----------+-------------------------------------------
     0 | D:1      | bigduke15 the Formicid Fighter began the quest for the Orb.
     0 | D:1      | Reached XP level 1. HP: 18/18 MP: 1/1
   279 | D:1      | Reached XP level 2. HP: 20/24 MP: 2/2
   932 | D:1      | Reached XP level 3. HP: 30/30 MP: 3/3
   969 | D:2      | Found a blossoming altar of Fedhas.
  1331 | D:2      | Reached XP level 4. HP: 31/37 MP: 4/4
  1993 | D:3      | Reached XP level 5. HP: 40/43 MP: 5/5
  2080 | D:3      | Noticed Natasha
  2092 | D:3      | Killed Natasha
  2208 | D:3      | Found a glowing drain.
  2301 | D:3      | Noticed Natasha
  2308 | D:3      | Killed Natasha
  2382 | Sewer    | Entered a sewer
  2413 | Sewer    | Noticed a kobold brigand
  2418 | Sewer    | Killed a kobold brigand
  2419 | Sewer    | Reached skill level 5 in Fighting
  2419 | Sewer    | Reached XP level 6. HP: 51/51 MP: 6/6
  2523 | Sewer    | Reached skill level 5 in Armour
  2803 | D:3      | Noticed Natasha
  2824 | D:3      | Killed Natasha
  2825 | D:3      | Reached XP level 7. HP: 40/56 MP: 7/7
  3434 | D:4      | Noticed Duvessa
  3460 | D:4      | Killed Duvessa
  3597 | D:4      | Noticed Dowan
  3616 | D:4      | Killed Dowan
  3967 | D:4      | Reached skill level 5 in Axes
  3967 | D:4      | Reached XP level 8. HP: 44/64 MP: 8/8
  4309 | D:5      | Entered Level 5 of the Dungeon
  4309 | D:5      | Noticed Prince Ribbit
  4309 | D:5      | Found a blossoming altar of Fedhas.
  4309 | D:5      | Found a stormy altar of Qazlal.
  4371 | D:4      | Gained mutation: You passively map a small area around you.
                  | [potion of mutation]
  4371 | D:4      | Gained mutation: You are resistant to electric shocks.
                  | (rElec) [potion of mutation]
  4371 | D:4      | Gained mutation: You are partially covered in iridescent
                  | scales. (AC +2) [potion of mutation]
  4691 | D:5      | Killed Prince Ribbit
  4929 | D:5      | Found an ancient bone altar of Kikubaaqudgha.
  5076 | D:5      | Found a staircase to the Ecumenical Temple.
  5097 | Temple   | Entered the Ecumenical Temple
  5145 | Temple   | Became a worshipper of Gozag Ym Sagoz the Greedy
  5169 | D:5      | Identified the +6 scale mail of Durable Lucidity {rC+}
  5345 | D:5      | Noticed Edmund
  5349 | D:5      | Killed Edmund
  5350 | D:5      | Reached XP level 9. HP: 58/72 MP: 9/9
  6383 | D:6      | Noticed Blork the orc
  6409 | D:6      | Found a shimmering blue altar of Sif Muna.
  6509 | D:6      | Found Beizaed's Distillery.
  7079 | D:7      | Found an iron altar of Okawaru.
  7666 | D:7      | Found a runed translucent door.
  7667 | D:7      | Noticed Crazy Yiuf
  7696 | D:7      | Found a sacrificial altar of Ru.
  8466 | D:8      | Reached XP level 10. HP: 81/83 MP: 10/10
  8562 | D:8      | Found Gidgh's Book Boutique.
  8609 | D:8      | Found a sparkling altar of Nemelex Xobeh.
  8829 | D:8      | Found a glowing silver altar of Zin.
  9097 | D:8      | HP: 3/83 [swamp worm (15)]
  9098 | D:8      | Slain by a swamp worm

Illustrated notes

Levels and vault maps discovered:
D:1:      roderic_crossed_star, layout_loops_corners
D:2:      layout_basic, basic_altar
D:3:      layout_basic, mainiacjoe_sewer_entry_somewhere_in_here_1, uniq_natasha
D:4:      layout_basic, uniq_duvessa
D:5:      layout_loops_ring, grunt_temple_overflow_forces_of_nature,
          regret_index_kikubaaqudgha_part_by_part, temple_green, uniq_edmund,
          uniq_prince_ribbit1
D:6:      layout_basic, tgw_sif, serial_shops, nicolae_shop_rolling_square
D:7:      layout_rooms, nicolae_ru_sacrificial_ziggurat,
          mainiacjoe_overflow_surrounded_room, uniq_crazy_yiuf_cottage
D:8:      layout_loops_cross, nicolae_overflow_hidden_temple, serial_shops,
          kennysheep_little_box, hangedman_decor_clover_reticule, worms_lemuel
Temple:   compressed_dpeg_triangle_lava_temple

Skill      XL: |  1  2  3  4  5  6  7  8  9 10 |
---------------+-------------------------------+-----
Fighting       | 4 5 6 7 9 |  9.3
Armour         | 4 5 6 7 8 9 |  9.2
Axes           | 3 4 5 6 7 8 |  8.1
Shields        | |  4.0

Action                     |  1- 3 |  4- 6 |  7- 9 | 10-12 || total
---------------------------+-------+-------+-------+-------++-------
  Melee: War axe           |   115 |   150 |   368 |    84 ||   717
Ability: Dig               |     1 |     1 |     1 |       ||     3
  Evoke: Wand              |       |       |     2 |       ||     2
    Use: Scroll            |     2 |     2 |    11 |     2 ||    17
         Potion            |       |     1 |     6 |     6 ||    13
   Stab: Invisible         |       |       |     1 |       ||     1
 Armour: Scale mail        |    44 |       |       |       ||    44
         Chain mail        |    55 |    95 |   269 |    75 ||   494
  Dodge: Dodged            |    51 |   109 |   247 |    42 ||   449
  Block: Buckler           |    28 |    59 |   107 |    24 ||   218

Table legend: (Time is in decaauts)
 A = Elapsed time spent in this place.
 B = Non-inter-level travel time spent in this place.
 C = Inter-level travel time spent in this place.
 D = Time resting spent in this place.
 E = Time spent auto-exploring this place.
 F = Levels seen in this place.
 G = Mean time per level.
                   A        B        C        D        E       F      G
               +--------+--------+--------+--------+--------+-----+--------+
         Total |   9338 |   8813 |    525 |    869 |   5891 |  10 |  933.8 |
       Dungeon |   8932 |   8469 |    463 |    869 |   5685 |   8 | 1116.5 |
        Temple |     64 |      2 |     62 |      0 |      0 |   1 |   64.0 |
         Sewer |    341 |    341 |      0 |      0 |    205 |   1 |  341.0 |
               +--------+--------+--------+--------+--------+-----+--------+

Top non-repeatable levels by time:
     D:6: 1513 daAuts
     D:5: 1155 daAuts
     D:3: 1123 daAuts
     D:7: 1113 daAuts
     D:4: 1072 daAuts
     D:2: 1018 daAuts
     D:8: 993 daAuts
     D:1: 943 daAuts
   Sewer: 341 daAuts
  Temple: 64 daAuts
